 Dungeon Crawl Stone Soup version 0.30.1-4-g462c640d31 (webtiles) character file.

Game seed: 1989356786972234883

420 Almogavar the Slasher (level 6, 0/84 HPs)
             Began as a Minotaur Berserker on Aug 31, 2023.
             Was a Priest of Trog.
             Slain by a sky beast (6 damage)
             ... on level 6 of the Dungeon.
             The game lasted 00:08:12 (3923 turns).

Almogavar the Slasher (Minotaur Berserker)          Turns: 3923, Time: 00:08:12

Health: 0/84       AC:  4    Str: 24    XL:     6   Next: 62%
Magic:  5/5        EV: 12    Int:  4    God:    Trog [***...]
Gold:   341        SH:  0    Dex:  9    Spells: 5/5 levels left

rFire   . . .        a - +0 falchion
rCold   + . .        (no shield)
rNeg    . . .        g - +1 leather armour {rC+}
rPois   .            (helmet restricted)
rElec   .            (no cloak)
rCorr   .            (no gloves)
SInv    .            (no boots)
Will    .....        (no amulet) Stlth
                     (no ring)
HPRegen 0.34/turn    (no ring)
MPRegen 0.09/turn

%: no passive effects
@: berserking, very quick
A: horns 2, retaliatory headbutt
a: Renounce Religion, Berserk, Trog's Hand


You were on level 6 of the Dungeon.
You worshipped Trog.
Trog was most pleased with you.
You visited 1 branch of the dungeon, and saw 6 of its levels.

You collected 341 gold pieces.

Inventory:

Hand Weapons
 a - a +0 falchion (weapon)
 e - a +0 sling
 f - a +1 whip of venom
Armour
 g - a +1 leather armour of cold resistance (worn)
 q - a +0 scale mail
Jewellery
 j - an amulet of magic regeneration
Wands
 c - a wand of iceblast (6)
Scrolls
 i - a scroll of brand weapon {unknown}
 k - a scroll of summoning {unknown}
 l - a scroll of enchant weapon {unknown}
 m - a scroll of enchant armour {unknown}
 n - 3 scrolls of teleportation
 o - a scroll of torment {unknown}
 s - a scroll of silence {unknown}
Potions
 b - a potion of might
 d - a potion of lignification {unknown}
 h - 2 potions of magic {unknown}
 p - 3 potions of curing {unknown}
 r - 2 potions of brilliance {unknown}
 t - a potion of degeneration {unknown}


   Skills:
 + Level 5.4 Fighting
 + Level 6.7 Long Blades
 + Level 3.7 Armour
 + Level 3.5 Dodging
 - Level 0.5 Stealth


You had 5 spell levels left.
You didn't know any spells.
Your spell library was empty.

Dungeon Overview and Level Annotations

Branches:
Dungeon (6/15)
 Temple: D:4-7

Altars:
Zin


Innate Abilities, Weirdness & Mutations

You have a pair of horns on your head.
You reflexively headbutt those who attack you in melee.


Message History

You shoot a sling bullet.
The sling bullet hits the sky beast but does no damage.
The sky beast is moderately wounded.
a - a +0 falchion (weapon)
You hit the sky beast.
The sky beast is moderately wounded.
The sky beast flickers out of sight!
Deactivating autopickup; reactivate with Ctrl-A.
Something hits you. Something shocks you.
No target in view!
You closely miss something. Something hits you but does no damage.
Unknown command.
You slash something! Your headbutt misses something.
Something hits you but does no damage.
You closely miss something. Something hits you. Something shocks you.
You hit something. Your headbutt misses something. Something hits you.
Something shocks you.
You miss something. Something hits you. Something shocks you.
You closely miss something. Your headbutt misses something.
Something hits you but does no damage.
You miss something. Your headbutt misses something.
Something hits you but does no damage.
You closely miss something. Your headbutt misses something. Something hits you.
Something shocks you.
* * * LOW HITPOINT WARNING * * *
You hit something. Something hits you but does no damage.
A red film seems to cover your vision as you go berserk!
You feel yourself moving faster!
You feel mighty! Something hits you.
* * * LOW HITPOINT WARNING * * *
Something shocks you.
* * * LOW HITPOINT WARNING * * *
You barely miss something. Your punch misses something. You hit something.
Something hits you.
* * * LOW HITPOINT WARNING * * *
Something shocks you.
* * * LOW HITPOINT WARNING * * *
You miss something. Something hits you.
* * * LOW HITPOINT WARNING * * *
Something shocks you.
You die...

##'## .. .# ##...##
#. .# ##.....##
#.##.## #.......##
#.....####.........#
....... +.........'
....# #........<#
#{.# ##.......## #@#
##.....## #.#
##...##
##.##########+#
#.........# #.#
#..######.# #.###
#..######.###.#<##
#..##............#
#.....###.#.....##
#.##### #.##....#


There were no monsters in sight!

Vanquished Creatures
  Sigmund (D:4)
  A hound (D:5)
  A jelly (D:5)
  2 iguanas (D:5)
  5 adders
  An ufetubus (D:5)
  A worm (D:2)
  2 dart slugs
  4 orcs
  9 ball pythons
  6 endoplasms
  3 giant cockroaches
  7 goblins
  6 hobgoblins
  2 jackals (D:1)
  2 quokkas (D:4)
  8 bats
  4 frilled lizards
  8 kobolds
  6 rats
79 creatures vanquished.

Notes
Turn   | Place    | Note
-------+----------+-------------------------------------------
     0 | D:1      | Almogavar the Minotaur Berserker began the quest for the
                  | Orb.
     0 | D:1      | Reached XP level 1. HP: 19/19 MP: 0/0
    34 | D:1      | Reached XP level 2. HP: 22/27 MP: 1/1
   137 | D:1      | Reached skill level 4 in Long Blades
   290 | D:1      | Found Puuke's Antique Armour Boutique.
   399 | D:1      | Reached ** piety under Trog
   404 | D:1      | Reached XP level 3. HP: 28/33 MP: 2/2
   536 | D:2      | Found a glowing silver altar of Zin.
  1353 | D:3      | Reached skill level 5 in Long Blades
  1353 | D:3      | Reached XP level 4. HP: 36/41 MP: 3/3
  1497 | D:3      | Found a faded altar of an unknown god.
  2091 | D:4      | Noticed Sigmund
  2362 | D:4      | Reached *** piety under Trog
  2562 | D:4      | Killed Sigmund
  2563 | D:4      | Reached skill level 5 in Fighting
  2563 | D:4      | Reached skill level 6 in Long Blades
  2563 | D:4      | Reached XP level 5. HP: 48/48 MP: 4/4
  2563 | D:4      | Reached XP level 6. HP: 56/56 MP: 5/5
  2690 | D:5      | Entered Level 5 of the Dungeon
  3903 | D:6      | Noticed a sky beast
  3923 | D:6      | Slain by a sky beast

Illustrated notes

Levels and vault maps discovered:
D:1:      tarquinn_simple_flora_water_c, layout_rooms, serial_shops,
          nicolae_shop_back_alley_shop, minmay_hexomino_c4
D:2:      layout_loops_ring, basic_altar, kennysheep_cluttered_room
D:3:      layout_basic, hellmonk_ecumenical_altar_lost_god
D:4:      layout_basic, uniq_sigmund
D:5:      layout_basic
D:6:      layout_loops_corners, minmay_temple_entry_purple_smoke, serial_shops,
          nicolae_shop_waterfront, uniq_maggie

Skill      XL: |  1  2  3  4 |
---------------+-------------+-----
Fighting       | 4 5 |  5.4
Long Blades    | 4 5 6 |  6.7
Armour         | 3 |  3.7
Dodging        | 3 |  3.5
Stealth        | |  0.5

Action                     |  1- 3 |  4- 6 || total
---------------------------+-------+-------++-------
  Melee: Falchion          |   123 |   103 ||   226
         Headbutt          |    17 |    15 ||    32
         Punch             |       |     2 ||     2
   Fire: Sling             |       |     4 ||     4
 Invoke: Berserk           |     1 |     2 ||     3
         Trog's Hand       |       |     1 ||     1
    Use: Scroll            |       |     4 ||     4
 Armour: Animal skin       |     7 |       ||     7
         Ring mail         |    22 |       ||    22
         Leather armour    |     2 |    36 ||    38
  Dodge: Dodged            |    86 |    72 ||   158
